 Dungeon Crawl Stone Soup version 0.27-a0-592-g0306a34022 (webtiles) character file.

Game seed: 10594525153805308079

74 sahdkjhfkaj the Digger (level 4, 27/27 HPs)
             Began as an Octopode Earth Elementalist on Mar 11, 2021.
             Quit the game on level 2 of the Dungeon.
             The game lasted 00:01:31 (1927 turns).

sahdkjhfkaj the Digger (OpEE)                       Turns: 1927, Time: 00:01:31

Health: 27/27      AC:  1    Str:  7    XL:     4   Next: 28%
Magic:  7/7        EV: 13    Int: 18    God:
Gold:   62         SH:  0    Dex: 12    Spells: 6/7 levels left

rFire    . . .     SeeInvis .   (no weapon)
rCold    . . .     Faith    .   (no shield)
rNeg     . . .     Spirit   .   (helmet restricted)
rPois    .         Reflect  .   f - amulet of magic regeneration
rElec    .         Harm     .   (no ring)
rCorr    .         Rampage  .   (no ring)
Will     .....                  (no ring)
Stlth    +++.......             (no ring)
HPRegen  0.09/turn              (no ring)
MPRegen  0.35/turn              (no ring)
                                (no ring)
                                (no ring)

@: no status effects
A: almost no armour, amphibious, 8 rings, camouflage 1, gelatinous body 1,
nimble swimmer 1, tentacles
a: no special abilities


You were on level 2 of the Dungeon.
You visited 1 branch of the dungeon, and saw 2 of its levels.

You collected 62 gold pieces.

Inventory:

Missiles
 s - 5 stones
Jewellery
 f - an amulet of magic regeneration (around mantle)
 i - a ring of ice
Scrolls
 b - a scroll of random uselessness {unknown}
 c - a scroll of fog {unknown}
 d - a scroll of identify {unknown}
 g - a scroll of teleportation {unknown}
Potions
 a - 2 potions of attraction {unknown}
 e - a potion of lignification {unknown}
 h - a potion of ambrosia {unknown}


   Skills:
 - Level 2.0 Dodging
 - Level 2.6 Stealth
 - Level 2.0 Shields
 - Level 2.0 Spellcasting
 - Level 1.0 Transmutations
 + Level 4.4 Earth Magic


You had 6 spell levels left.
You knew the following spells:

 Your Spells              Type           Power      Damage    Failure   Level
a - Sandblast             Erth           34%        2d9       3%          1

Your spell library contained the following spells:

 Spells                   Type           Power      Damage    Failure   Level
 Passwall                 Tmut/Erth      9%         N/A       9%          2
 Stone Arrow              Conj/Erth      18%        3d8       22%         3
 Petrify                  Tmut/Erth      11%        N/A       52%         4
 Lee's Rapid Deconstruct  Erth           8%         3d8*      63%         5


Dungeon Overview and Level Annotations

Branches:
Dungeon (2/15)

Altars:


Innate Abilities, Weirdness & Mutations

You cannot wear most types of armour.
You are amphibious.
You can wear up to eight rings at the same time.
Your skin changes colour to match your surroundings (Stealth+).
Your rubbery body absorbs attacks. (AC +1, EV +1)
You are stealthy while swimming. (Stealth+)
You have tentacles for arms and can constrict up to eight enemies at once.


Message History

The worm is severely wounded.
The kobold shouts!
The worm bites you.
The blast of sand hits the worm.
The worm is severely wounded.
The blast of sand hits the worm!
You kill the worm!
The blast of sand hits the kobold!
You kill the kobold!
You can't see any susceptible monsters within range! (Use Z to cast anyway.) Key pressed, stopping explore.
You can't see any susceptible monsters within range! (Use Z to cast anyway.)
You now have 46 gold pieces (gained 12).
A rat comes into view.
A rat is nearby!
A rat is nearby!
A rat is nearby!
You can't see any susceptible monsters within range! (Use Z to cast anyway.)
The blast of sand hits the rat!
You kill the rat!
You can't see any susceptible monsters within range! (Use Z to cast anyway.) No target in view!
A kobold comes into view. It is wielding a +0 club.
Found 6 gold pieces.
A kobold is nearby!
A kobold is nearby!
The blast of sand hits the kobold!
You kill the kobold!
No target in view!
You can't see any susceptible monsters within range! (Use Z to cast anyway.)
You can't see any susceptible monsters within range! (Use Z to cast anyway.) a +0 club; a kobold corpse You now have 52 gold pieces (gained 6). a +0 club; a kobold corpse You now have 62 gold pieces (gained 10).
Done exploring.
Done exploring.
No target in view!
You can't see any susceptible monsters within range! (Use Z to cast anyway.) Are you sure you want to abandon this character and quit the game? (Confirm with "yes".)

#####
#...#############
#...............###
#.@.###.#..........
##.## #...#####.###
#.# ##.## #.# #.#
###.######.### #.#
#............. #.#
#.#..#####.##. #.#
#.#.)# #.##.
#########.# #.#..#
#.#.. #.......#.#
#.#..# #.#..


There were no monsters in sight!

Vanquished Creatures
  2 adders (D:2)
  An ooze (D:2)
  2 worms (D:2)
  4 dart slugs
  A leopard gecko (D:2)
  3 giant cockroaches (D:2)
  2 goblins (D:2)
  6 hobgoblins (D:1)
  2 quokkas (D:2)
  2 ball pythons (D:1)
  3 bats (D:1)
  A frilled lizard (D:1)
  5 kobolds (D:2)
  4 rats
38 creatures vanquished.

Vanquished Creatures (others)
  An adder (D:2)
  An ooze (D:2)
  A worm (D:2)
3 creatures vanquished.

Grand Total: 41 creatures vanquished

Notes
Turn   | Place    | Note
-------+----------+-------------------------------------------
     0 | D:1      | sahdkjhfkaj the Octopode Earth Elementalist began the quest
                  | for the Orb.
     0 | D:1      | Reached XP level 1. HP: 11/11 MP: 3/3
   159 | D:1      | Reached XP level 2. HP: 17/17 MP: 3/5
   649 | D:1      | Reached skill level 4 in Earth Magic
   782 | D:1      | Reached XP level 3. HP: 21/21 MP: 4/6
  1038 | D:2      | Reached skill level 1 in Shields
  1437 | D:2      | Reached XP level 4. HP: 26/27 MP: 4/7
  1927 | D:2      | Quit the game

Illustrated notes

Levels and vault maps discovered:
D:1:      dpeg_arrival_rooms_with_view, layout_loops_corners
D:2:      layout_loops_ring, lemuel_old_faithful

Skill      XL: |  1  2  3 |
---------------+----------+-----
Earth Magic    | 4 |  4.4
Shields        | 2 |  2.0
Dodging        | |  2.0
Stealth        | |  2.6
Spellcasting   | |  2.0
Transmutations | |  1.0

Action                   |  1- 3 |  4- 6 || total
-------------------------+-------+-------++-------
Melee: Unarmed           |    19 |       ||    19
       Constrict         |     6 |       ||     6
       Tentacles         |     4 |       ||     4
 Cast: Sandblast         |    40 |    11 ||    51
 Stab: Sleeping          |     3 |       ||     3
Dodge: Dodged            |    20 |     1 ||    21

Table legend: (Time is in decaauts)
 A = Elapsed time spent in this place.
 B = Non-inter-level travel time spent in this place.
 C = Inter-level travel time spent in this place.
 D = Time resting spent in this place.
 E = Time spent auto-exploring this place.
 F = Levels seen in this place.
 G = Mean time per level.
                   A        B        C        D        E       F      G
               +--------+--------+--------+--------+--------+-----+--------+
         Total |   1926 |   1903 |     23 |      0 |   1714 |   2 |  963.0 |
       Dungeon |   1926 |   1903 |     23 |      0 |   1714 |   2 |  963.0 |
               +--------+--------+--------+--------+--------+-----+--------+

Top non-repeatable levels by time:
     D:1: 1034 daAuts
     D:2: 892 daAuts
